 Dungeon Crawl Stone Soup version 0.28.0-53-g5a82cb258f (webtiles) character file.

Game seed: 8007991791921015846

120 RedNights the Insei (level 5, -3/32 (34) HPs)
             Began as an Octopode Transmuter on July 8, 2022.
             Slain by a hell rat (10 damage)
             ... in a sewer on July 10, 2022.
             The game lasted 00:11:20 (3058 turns).

RedNights the Insei (Octopode Transmuter)           Turns: 3058, Time: 00:11:25

HP:   -3/32 (34)    AC:  1    Str:  9    XL:     5   Next: 4%
MP:   9/9           EV: 13    Int: 18    God:
Gold: 48            SH:  0    Dex: 12    Spells: 6/9 levels left

rFire   . . .      SeeInvis .   d - +0 dagger
rCold   . . .      Faith    .   (no shield)
rNeg    . . .      Spirit   .   (helmet currently unavailable)
rPois   .          Reflect  .   (no amulet)
rElec   .          Harm     .   (no ring)
rCorr   .          Rampage  .   (no ring)
Will    .....                   (no ring)
Stlth   ++........              (no ring)
HPRegen 0.10/turn               (no ring)
MPRegen 0.11/turn               (no ring)
                                (no ring)
                                (no ring)

@: appendages, drained
A: tentacle spike 3, almost no armour, amphibious, 8 rings, camouflage 1,
gelatinous body 1, (nimble swimmer 1), tentacles
a: End Transformation


You were in a sewer.
One of your tentacles had grown a beastly spike.
You visited 1 branch of the dungeon, and saw 3 of its levels.
You also visited: Sewer.

You collected 48 gold pieces.

Inventory:

Hand Weapons
 d - a +0 dagger (weapon)
Missiles
 a - 78 stones (quivered)
 i - 2 poisoned darts
Jewellery
 l - a ring of poison resistance
Scrolls
 e - 2 scrolls of teleportation {unknown}
 k - a scroll of brand weapon {unknown}
 m - a scroll of silence {unknown}
Potions
 b - a potion of curing
 c - 3 potions of lignification
 f - a potion of heal wounds {unknown}
 g - a potion of invisibility {unknown}
 h - a potion of mutation {unknown}
 j - a potion of magic {unknown}
 n - a potion of attraction {unknown}
 o - a potion of berserk rage {unknown}


   Skills:
 + Level 2.1 Fighting
 - Level 2.0 Dodging
 + Level 3.6 Unarmed Combat
 + Level 2.7 Spellcasting
 * Level 3.5 Transmutations


You had 6 spell levels left.
You knew the following spells:

 Your Spells              Type           Power      Damage    Failure   Level
a - Beastly Appendage     Tmut           30%        N/A       4%          1
b - Wereblood             Tmut           15%        N/A       6%          2

Your spell library contained the following spells:

 Spells                   Type           Power      Damage    Failure   Level
 Slow                     Hex            8%         N/A       17%         1
 Spider Form              Tmut/Pois      8%         N/A       24%         3
 Confusing Touch          Hex            2%         N/A       45%         3
 Vampiric Draining        Necr           2%         2d6       45%         3
 Ice Form                 Ice/Tmut       8%         N/A       63%         4
 Leda's Liquefaction      Hex/Erth       1%         N/A       86%         4
 Yara's Violent Unravell  Hex/Tmut       4%         3d4       92%         5
 Starburst                Conj/Fire      1%         6d3       100%        6
 Enfeeble                 Hex            1%         N/A       100%        7
 Animate Armour           Summ/Erth      Unusable   N/A       N/A         4

Dungeon Overview and Level Annotations

Branches:
Dungeon (3/15)              Sewer (1/1)

Altars:


Innate Abilities, Weirdness & Mutations

One of your tentacles has grown a beastly spike.
You cannot wear most types of armour.
You are amphibious.
You can wear up to eight rings at the same time.
Your skin changes colour to match your surroundings (Stealth+).
Your rubbery body absorbs attacks. (AC +1, EV +1)
((You are camouflaged when in or above water. (Stealth+)))
You have tentacles for arms and can constrict up to eight enemies at once.


Message History

There is an open door here.
Throw: 79 stones
Press: ? - help, Q - select action, (/) - cycle Shift-Dir - straight line, f - hell rat
Aim: a hell rat (57% to hit)
You throw a stone.
The stone hits the hell rat but does no damage.
You hear a splash.
You hit the hell rat but do no damage. Your grab misses the hell rat.
You squeeze the hell rat.
The hell rat is lightly wounded.
You hit the hell rat but do no damage. You grab the hell rat.
Your squeeze misses the hell rat.
The hell rat is lightly wounded.
You constrict the hell rat, but do no damage.
The hell rat barely misses you. x2
You hit the hell rat.
The hell rat is moderately wounded.
You constrict the hell rat, but do no damage.
The hell rat splashes around in the water.
You hit the hell rat.
You squeeze the hell rat, but do no damage.
The hell rat is moderately wounded.
You constrict the hell rat. The hell rat bites you!
You feel drained.
You hit the hell rat but do no damage. You squeeze the hell rat.
The hell rat is heavily wounded.
You constrict the hell rat.
The hell rat splashes around in the water.
You hit the hell rat but do no damage.
You pierce the hell rat, but do no damage.
The hell rat is heavily wounded.
You constrict the hell rat. The hell rat closely misses you.
You are too injured to fight recklessly!
You hit the hell rat.
You pierce the hell rat, but do no damage.
The hell rat is severely wounded.
You constrict the hell rat, but do no damage.
The hell rat bites you.
* * * LOW HITPOINT WARNING * * *
The hell rat bites you!
You die...

###...∩†..###
###≈...≈∩†.≈≈.###
#≈.≈≈≈#####≈≈≈..#
##≈..###)∩?###.≈≈##
#≈≈.##.$?(!?.##..≈#
#≈.†#≈≈≈≈≈≈...#..≈#
#...##.≈≈(≈≈≈##≈.≈#
##≈≈†###≈r≈###.≈.##
#≈≈≈≈≈##@##.≈≈≈.#
###≈.≈≈.≈≈≈≈.≈###
###....≈≈.###
#########


You could see a hell rat.

Vanquished Creatures
  A hound (D:2)
  An adder (D:3)
  3 river rats
  2 dart slugs
  4 ball pythons
  4 endoplasms
  4 giant cockroaches (D:3)
  2 goblins (D:1)
  2 hobgoblins (D:1)
  8 jackals (D:2)
  2 kobolds
  6 bats
  11 rats
50 creatures vanquished.

Notes
Turn   | Place    | Note
-------+----------+-------------------------------------------
     0 | D:1      | RedNights the Octopode Transmuter began the quest for the
                  | Orb.
     0 | D:1      | Reached XP level 1. HP: 13/13 MP: 3/3
   130 | D:1      | You fall into a shaft and drop 1 floor!
   236 | D:2      | Reached XP level 2. HP: 4/18 MP: 3/5
   580 | D:2      | Learned a level 2 spell: Wereblood
   820 | D:1      | Found a faded altar of an unknown god.
  1409 | D:1      | Reached XP level 3. HP: 23/23 MP: 4/6
  1843 | D:2      | Reached XP level 4. HP: 19/29 MP: 5/7
  2529 | D:3      | Got Qodattu's Grimoire of the Rocks and Fire
  2653 | D:3      | Found a glowing drain.
  2842 | Sewer    | Entered a sewer
  3024 | Sewer    | Reached XP level 5. HP: 34/34 MP: 6/9
  3058 | Sewer    | Slain by a hell rat

Illustrated notes

Levels and vault maps discovered:
D:1:      onia_arrival_pyramid, layout_loops_ring, ebering_ecumenical_altar_webs
D:2:      layout_basic, hangedman_abyss_or_decor_lesser_grid
D:3:      layout_basic, okawaru_metal_pillars_1_2, portal_sewer_entry_a,
          hangedman_decor_opposing
Sewer:    sewer_hellmonk_bad_rat

Skill      XL: |  1  2  3  4 |
---------------+-------------+-----
Transmutations | 3 |  3.5
Fighting       | 2 |  2.1
Dodging        | |  2.0
Unarmed Combat | |  3.6
Spellcasting   | |  2.7

Action                   |  1- 3 |  4- 6 || total
-------------------------+-------+-------++-------
Melee: Dagger            |    53 |    70 ||   123
       Kick              |    21 |    21 ||    42
       Unarmed           |     5 |       ||     5
       Constrict         |    15 |    19 ||    34
       Tentacles         |    12 |    25 ||    37
       Punch             |     2 |     3 ||     5
Throw: Stone             |    18 |    17 ||    35
 Cast: Beastly Appendage |    23 |    13 ||    36
  Use: Scroll            |       |     2 ||     2
 Stab: Sleeping          |     5 |     4 ||     9
Armor: Skin              |     5 |     3 ||     8
Dodge: Dodged            |    37 |    47 ||    84
